AoeStats
← Sample Text

Nomad

510067364Analyzed
2v2 RM · 4d ago on Sep 29, 2026· 45m 19s· 4 players
Game mode
Random Map
Map size
176×176
Population
200
Speed
Normal
Resources
Standard
Victory
Conquest
Starting age
Dark Age
Ending age
Imperial Age
RankedLock teamsTeams togetherTeam positionsShared explorationLock speedFull tech treeHidden civsTurbo modeCheats
Victory
Defeat
🇪🇸 Saracens · Spain
1090
+13
🇫🇷 Italians · France
1084
+13
🇦🇺 Varangians · Australia
1027
-13
🇦🇺 Danes · Australia
1026
-13
EastAdriano87
6:20 Loom
16:58 Feudal Age
18:31 Wheelbarrow
18:29 Double-Bit Axe
21:18 Castle Age
20:13 Town Watch
20:17 Horse Collar
22:13 Bow Saw
22:54 Heavy Plow
24:41 Hand Cart
25:09 Fletching
25:20 Padded Archer Armor
24:43 Elite Skirmisher
27:00 Ballistics
28:10 Bodkin Arrow
29:19 Town Patrol
37:31 Imperial Age
35:39 Husbandry
36:25 Bloodlines
36:47 Leather Archer Armor
38:32 Bracer
39:03 Ring Archer Armor
39:36 Chemistry
39:22 Elite Mameluke
Blast
3:26 Loom
14:02 Feudal Age
15:28 Double-Bit Axe
21:43 Castle Age
19:40 Gold Mining
19:41 Stone Mining
19:36 Horse Collar
21:31 Wheelbarrow
26:21 Bow Saw
26:11 Fletching
26:22 Padded Archer Armor
27:39 Hand Cart
27:40 Bodkin Arrow
28:01 Leather Archer Armor
30:11 Heavy Plow
31:39 Ballistics
32:44 Town Watch
37:47 Imperial Age
38:54 Conscription
40:38 Chemistry
39:20 Capped Ram
41:13 Two-Man Saw
43:02 Bracer
43:33 Ring Archer Armor
42:51 Elite Genoese Crossbowman
44:02 Bloodlines
43:53 Husbandry
43:17 Light Cavalry
44:15 Forging
44:11 Scale Barding Armor
Sample Text
5:00 Loom
13:44 Feudal Age
14:24 Double-Bit Axe
16:30 Gold Mining
19:05 Castle Age
16:59 Fletching
17:09 Fishing Lines
19:15 Padded Archer Armor
20:33 Bloodlines
21:25 Bow Saw
23:32 Husbandry
24:05 Bodkin Arrow
25:23 Leather Archer Armor
25:21 Pikeman
27:20 Ballistics
30:43 Scale Mail Armor
31:14 Thumb Ring
36:30 Wheelbarrow
36:10 Elite Skirmisher
39:57 Imperial Age
41:02 Bracer
41:46 Chain Mail Armor
NaughtyBoy
4:40 Loom
13:43 Feudal Age
19:40 Castle Age
22:45 Wheelbarrow
21:58 Double-Bit Axe
23:12 Fishing Lines
25:46 Forging
28:36 Fletching
28:47 Padded Archer Armor
29:59 Bodkin Arrow
30:20 Leather Archer Armor
33:31 Bloodlines
35:38 Scale Barding Armor
36:08 Iron Casting
35:42 Elite Skirmisher
39:03 Hand Cart
41:49 Imperial Age
41:59 Capped Ram
Connection lost

Rejoining the realm…

Still unreachable

The connection could not be restored.

Session expired

The server has moved on; the page needs a fresh start.